 Dungeon Crawl Stone Soup version 0.20-a0-449-g96be121 (webtiles) character file.

819770 kuniqs the Impregnable (level 27, -12/190 HPs)
             Began as a Gargoyle Artificer on Jan 7, 2017.
             Was the Champion of Elyvilon.
             Mangled by an Orb Guardian (16 damage)
             ... while paralysed
             ... on level 5 of the Realm of Zot on Jan 8, 2017.
             The game lasted 03:22:12 (69012 turns).

kuniqs the Impregnable (Gargoyle Artificer)        Turns: 69012, Time: 03:22:13

Health: -12/190    AC: 81    Str: 25    XL:     27
Magic:  4/29       EV:  2    Int:  4    God:    Elyvilon [******]
Gold:   2396       SH:  0    Dex: 21    Spells: 18/26 levels left

rFire  + + +     SeeInvis .     Y - +9 eveningstar (freeze)
rCold  + + .     Gourm    .     t - +11 gold dragon scales
rNeg   + + .     Faith    .     V - +6 large shield of Ignorance {rN+ AC+4 Int-6 *Curse}
rPois  ∞         Spirit   .     I - +5 helmet "Xoocixeuxte" {rF++ rC+ MR+}
rElec  +         Reflect  +     Q - +2 cloak {MR+}
rCorr  .         Harm     .     Z - +2 pair of gloves {Str+3}
MR     ++++.                    N - +2 pair of boots
Stlth  ..........               E - +6 amulet of reflection
                                J - +4 ring of evasion
                                M - +4 ring of evasion

@: paralysed, exhausted, slowed
A: big wings, thin skeletal structure 1, dopey 1, negative energy resistance 1,
electricity resistance, strong 1, unbreathing, petrification resistance, rot
immunity, subdued magic 1, AC +20
}: 6/15 runes: barnacled, slimy, silver, golden, abyssal, gossamer
a: Fly, Lesser Healing, Heal Other, Purification, Greater Healing, Divine
Vigour, Divine Protection, Renounce Religion


You were on level 5 of the Realm of Zot.
You worshipped Elyvilon.
Elyvilon was exalted by your worship.
You were very full.

You visited 13 branches of the dungeon, and saw 61 of its levels.
You visited the Abyss 2 times.
You visited 1 ziggurat, and saw 7 of its levels.
You also visited: Labyrinth, Sewer and Ice Cave.

You collected 9699 gold pieces.
You spent 7303 gold pieces at shops.

Inventory:

Hand Weapons
 y - a +9 sacred scourge of holy wrath
 Y - a +9 eveningstar of freezing (weapon)
Missiles
 p - 9 throwing nets (quivered)
Armour
 b - the -2 hat of the Alchemist {rElec rPois rF+ rC+ rN+ MR+ rMut rCorr}
   (You found it in a labyrinth)

   It protects you from fire.
   It protects you from cold.
   It insulates you from electricity.
   It protects you from poison.
   It protects you from negative energy.
   It affects your resistance to hostile enchantments.
   It protects you from acid and corrosion.
   It protects you from mutation.
 t - +11 gold dragon scales (worn)
 I - the +5 helmet "Xoocixeuxte" (worn) {rF++ rC+ MR+}
   (You found it on level 1 of the Shoals)

   It greatly protects you from fire.
   It protects you from cold.
   It affects your resistance to hostile enchantments.
 N - a +2 pair of boots (worn)
 Q - a +2 cloak of magic resistance (worn)
 V - the +6 large shield of Ignorance (worn) {rN+ AC+4 Int-6 *Curse}
   (You acquired it on level 2 of the Spider Nest)

   It affects your AC (+4).
   It affects your intelligence (-6).
   It protects you from negative energy.
   It may re-curse itself when equipped.
 Z - a +2 pair of gloves of strength (worn)
Jewellery
 E - a +6 amulet of reflection (around neck)
 J - a +4 ring of evasion (right hand)
 M - a +4 ring of evasion (left hand)
Wands
 a - a wand of digging (4/24)
 q - a wand of scattershot (0/9)
 x - a wand of enslavement (6/24)
 A - a wand of clouds (1/9)
Scrolls
 g - 4 scrolls of silence
 k - a scroll of immolation
 l - a scroll of summoning
 n - 2 scrolls of amnesia
 r - 10 scrolls of teleportation
 s - 8 scrolls of recharging
 v - 4 scrolls of fear
 F - 7 scrolls of fog
 G - 5 scrolls of magic mapping
 H - 5 scrolls of identify {@r1}
 R - 5 scrolls of blinking
 S - a scroll of holy word
 W - 13 scrolls of remove curse {@r2}
Potions
 i - 4 potions of magic
 j - 5 potions of invisibility
 o - 5 potions of might
 u - 5 potions of ambrosia
 z - 3 potions of cancellation
 C - 10 potions of heal wounds
 D - 24 potions of curing {@q1}
 K - 7 potions of haste
 O - 4 potions of resistance
 U - 5 potions of cure mutation
 X - 4 potions of agility
Miscellaneous
 c - a lightning rod (4/4)
 m - a figurine of a ziggurat
 B - 6 boxes of beasts
Comestibles
 d - 33 bread rations
 e - 7 meat rations
 f - 24 fruits
 T - 14 slices of pizza


   Skills:
 - Level 24.1 Fighting
   Level 0.8 Short Blades
 - Level 16.0 Maces & Flails
 + Level 25.8 Armour
 + Level 23.1 Dodging
 - Level 1.1 Stealth
 - Level 25.1 Shields
 - Level 9.0 Invocations
 - Level 2.6 Evocations


You had 18 spell levels left.
You knew the following spells:

 Your Spells              Type           Power        Failure   Level  Hunger
a - Apportation           Tloc           #.........   100%        1    ##.....
b - Ozocubu's Armour      Chrm/Ice       #.......     100%        3    ####...
x - Song of Slaying       Chrm           #.......     100%        2    ###....
z - Repel Missiles        Chrm/Air       #.....       100%        2    ###....


Dungeon Overview and Level Annotations

Branches:
Dungeon (15/15)            Temple (1/1) D:4            Lair (6/6) D:9
 Shoals (4/4) Lair:4       Spider (4/4) Lair:2        Slime (5/5) Lair:6
    Orc (2/2) D:10            Elf (3/3) Orc:2        Vaults (5/5) D:14
  Crypt (3/3) Vaults:2       Tomb (3/3) Crypt:3      Depths (5/5) D:15
    Zot (5/5) Depths:5

Altars:
Ashenzari
Cheibriados
Dithmenos
Elyvilon
Fedhas
Gozag
Hepliaklqana
Kikubaaqudgha
Makhleb
Nemelex Xobeh
Okawaru
Qazlal
Ru
Sif Muna
Trog
Uskayaw
Vehumet
Xom
Yredelemnul
Zin
The Shining One
Jiyva

Shops:
D:9 }   Orc:1 ?   Orc:2 *[:(   Elf:1 %=*[   Elf:2 ?*}?   Elf:3 *==}
Shoals:3 :   Vaults:5 ?   Depths:3 [[

Portals:
Hell: Depths:1 Depths:2 Depths:3 Depths:4 Depths:5
Abyss: Depths:4
Pandemonium: Depths:1 Depths:2 Depths:3 Depths:5

Annotations:
D:3 Uhlv's ghost, amateur MfSk
D:14 exclusion: Roxanne, Roxanne
Lair:1 exclusion: oklob plant


Innate Abilities, Weirdness & Mutations

You are resistant to torment.
Your stone body is resilient. (AC +20)
You are immune to poison.
Your large and strong wings let you fly indefinitely.
You resist negative energy. (rN+)
You are resistant to electric shocks. (rElec)
You can survive without breathing.
You are immune to petrification.
You are immune to rotting.
You have a somewhat thin skeletal structure. (Dex +2, Stealth)
You are dopey. (Int -2)
Your muscles are strong. (Str +2)
Your spells are a little easier to cast, but a little less powerful.


Message History

The quicksilver dragon claws you but does no damage.
The Orb Guardian hits you.
The orb of fire glows deep purple.
Strange energies course through your body.
Your connection to magic feels subdued.
The Orb Guardian hits you!!
The Orb Guardian hits you but does no damage. x2
The quicksilver dragon bites you but does no damage.
The quicksilver dragon claws you but does no damage.
The Orb Guardian hits you!!
The Orb Guardian hits you but does no damage. x2
The Orb Guardian hits you!!!
* * * LOW HITPOINT WARNING * * *
The Orb Guardian hits you!!
* * * LOW HITPOINT WARNING * * *
The quicksilver dragon bites you but does no damage.
The quicksilver dragon claws you!
* * * LOW HITPOINT WARNING * * *
The Orb Guardian hits you!
You die...

.▓ ▓..........
.▓▓..........
.▓..........
...........
▓..........
▓..X8...D..
▓.XXD......
#yX@*D.....
##XX*......
##▓y......
▓▓▓.... ▓#▓
..............


You could see 2 orbs of fire, an electric golem, a golden dragon, 2 quicksilver
dragons, 6 Orb Guardians and 2 moths of wrath.

Vanquished Creatures
  the Royal Jelly (Slime:5)
  7 ancient liches
  2 orbs of fire
  2 juggernauts
  A pandemonium lord (Zig:5)
  16 greater mummies
  Saint Roka (Crypt:2)
  A caustic shrike (Depths:3)
  Margery (Depths:3)
  11 golden dragons
  A profane servitor (Abyss:1)
  Jory (Tomb:1)
  Arachne (Spider:2)
  A bone dragon (Depths:5)
  An electric golem (Zot:1)
  The ghost of nublet the Warrior, a veteran FoAK of Lugonu (Vaults:5)
  8 tentacled monstrosities
  Jorgrun (Vaults:3)
  6 liches
  A shard shrike skeleton (Crypt:3)
  4 titans
  Asterion (Vaults:1)
  5 deep elf blademasters
  10 acid blobs (Slime:5)
  3 Orb Guardians (Zot:5)
  6 quicksilver dragons
  Frances (D:12)
  12 sphinxes
  An Executioner (Abyss:3)
  5 death cobs
  10 ancient champions
  Agnes (Spider:2)
  A tentacled starspawn (Abyss:3)
  15 storm dragons
  10 tengu reavers
  A thorn hunter (Abyss:4)
  5 revenants
  5 azure jellies
  10 shadow dragons
  4 draconian monks
  Donald (Elf:1)
  3 frost giants
  15 deep elf sorcerers
  A fire giant (shapeshifter) (Vaults:5)
  A corrupter (Zig:5)
  12 fire giants
  4 iron dragons
  15 vault wardens
  2 draconian knights
  2 juggernaut zombies (Depths:3)
  7 emperor scorpions
  Louise (Elf:1)
  9 ghost moths
  A draconian shifter (Zot:2)
  A curse skull (Crypt:1)
  A balrug (Abyss:3)
  3 orc warlords
  4 spriggan defenders
  6 deep elf elementalists
  3 draconian stormcallers
  4 draconian annihilators
  4 large abominations
  2 caustic shrike skeletons
  3 war gargoyles
  9 ghouls
  9 entropy weavers
  14 very ugly things
  10 vampire knights
  A reaper (Depths:1)
  14 ironheart preservers
  20 stone giants
  A juggernaut skeleton (Depths:3)
  8 green draconians
  9 deep elf demonologists
  11 bennus
  6 black draconians
  A black sun (Zig:5)
  12 deep elf annihilators
  7 purple draconians
  2 red draconians
  A dire elephant (Abyss:4)
  7 white draconians
  2 eidola
  3 merfolk javelineers (Shoals:4)
  A lorocyproca (Abyss:3)
  5 yellow draconians
  16 ettins
  3 spark wasps
  A crystal guardian (Vaults:4)
  14 deep elf death magi
  A minotaur (shapeshifter) (Vaults:5)
  26 mummy priests
  A minotaur (Lab)
  15 fire dragons
  14 jiangshi
  15 ogre magi
  6 death oozes (Slime:5)
  14 yaktaur captains
  8 merfolk impalers
  Fannar (Lair:3)
  9 deep elf high priests
  7 ice dragons
  6 rakshasas
  14 great orbs of eyes
  A quicksilver dragon skeleton (Depths:3)
  A hell beast (Zig:5)
  3 hydras
  32 vault guards
  A catoblepas (D:9)
  7 spriggan air magi
  41 two-headed ogres
  A merfolk avatar (Shoals:2)
  2 tengu warriors
  9 deep troll shamans
  2 merfolk aquamancers (Shoals:4)
  Erica (D:9)
  10 centaur warriors
  10 deep troll earth magi
  3 death knights
  27 death scarabs
  2 satyrs (Shoals:4)
  25 dancing weapons
  3 death yaks (Lair:6)
  Urug (D:12)
  6 vampire magi
  7 thrashing horrors
  5 orc high priests (Orc:2)
  A spectral storm dragon (Crypt:1)
  A shock serpent (shapeshifter) (Vaults:5)
  2 sun demons
  4 soul eaters
  Nergalle (D:12)
  7 spriggan berserkers
  6 small abominations
  20 deep elf knights
  A wretched star (Abyss:3)
  A storm dragon zombie (Crypt:1)
  2 titan skeletons (Depths:3)
  A fire crab (shapeshifter) (Depths:2)
  4 shadow wraiths
  3 iron trolls
  2 sixfirhies
  2 storm dragon skeletons
  4 hell knights
  58 skeletal warriors
  A torturous demonspawn (Depths:3)
  A golden dragon zombie (Depths:3)
  A spatial maelstrom (Abyss:3)
  5 unseen horrors
  A glowing orange brain (shapeshifter) (Elf:3)
  A spriggan druid (Depths:4)
  4 wizards
  7 flayed ghosts
  10 glowing orange brains
  49 deep trolls
  2 sea snakes (Shoals:4)
  A shadow dragon zombie (Tomb:1)
  6 deep elf archers
  An anaconda zombie (Tomb:1)
  2 tengu zombies
  8 phantasmal warriors
  12 orc knights
  19 orb spiders
  2 starcursed masses (Abyss:2)
  Pikel (D:4)
  17 harpies
  An anaconda skeleton (Crypt:1)
  10 necromancers
  20 ironbrand convokers
  2 golden dragon skeletons (Depths:3)
  A wolf spider zombie (Crypt:2)
  21 wolf spiders
  2 stone giant zombies
  6 orc sorcerers
  2 worldbinders
  12 fauns
  A shadow dragon skeleton (Depths:3)
  58 deep elf magi
  A frost giant zombie (Zig:3)
  51 ugly things
  5 shining eyes
  9 moths of wrath
  A fire giant zombie (Crypt:3)
  17 manticores
  Maurice (Orc:2)
  10 cyclopes
  A manticore (shapeshifter) (Depths:2)
  2 shining eyes (shapeshifter)
  An iron dragon zombie (Crypt:2)
  5 merfolk sirens
  A dire elephant zombie (Tomb:2)
  3 elephants (Lair:3)
  An iron dragon skeleton (Crypt:1)
  2 centaur zombies
  A black mamba (shapeshifter) (Vaults:2)
  Psyche (D:9)
  4 rust devils
  Joseph (D:8)
  2 black mambas (Lair:6)
  4 apocalypse crabs (Abyss:3)
  31 vault sentinels
  2 eyes of devastation
  2 smoke demons
  5 water nymphs
  A stone giant skeleton (Crypt:2)
  A frost giant skeleton (Crypt:3)
  A guardian serpent (Abyss:3)
  2 spiny frogs (shapeshifter)
  3 gargoyles
  A hellion (Depths:3)
  6 rime drakes
  A yaktaur zombie (Depths:1)
  A komodo dragon (shapeshifter) (Depths:2)
  9 spiny frogs
  3 kobold demonologists
  2 torpor snails
  29 yaktaurs
  14 demonic crawlers
  An iron troll zombie (Crypt:1)
  A tormentor (Abyss:3)
  12 freezing wraiths
  3 komodo dragons
  An ancient zyme (Abyss:2)
  A black draconian skeleton (Crypt:1)
  2 yaktaurs (shapeshifter)
  A queen bee (D:11)
  77 guardian mummies
  17 merfolk
  A troll (shapeshifter) (D:15)
  4 red devils
  3 meliai (Spider:2)
  3 tengu conjurers
  A shadow dragon simulacrum (Crypt:2)
  2 meliai (shapeshifter)
  A jumping spider (shapeshifter) (Vaults:3)
  24 hornets
  A hydra zombie (Tomb:1)
  A polar bear (shapeshifter) (Vaults:1)
  2 queen bees (shapeshifter) (Depths:2)
  2 wind drakes (Shoals:1)
  11 trolls
  9 polar bears
  12 blink frogs
  41 jumping spiders
  2 spriggan zombies
  6 bog bodies
  8 hippogriffs
  56 slime creatures
  A jumping spider zombie (Crypt:3)
  11 dream sheep
  An alligator zombie (Crypt:2)
  A hydra skeleton (Crypt:1)
  10 snapping turtles
  A raiju (Abyss:3)
  2 frost giant simulacra
  7 wraiths
  A spriggan (shapeshifter) (Elf:1)
  7 air elementals
  28 flying skulls
  3 shadows
  28 tarantellas
  14 water elementals
  38 spriggans
  Eustachio (D:4)
  81 redbacks
  2 ettin skeletons
  13 yaks
  A hog (shapeshifter) (Depths:2)
  4 hogs (D:7)
  A wyvern (shapeshifter) (Depths:2)
  19 ushabtiu
  A human (D:7)
  8 wyverns
  2 hungry ghosts
  6 basilisks
  A neqoxec (Depths:3)
  4 fire elementals
  13 vampire mosquitoes
  5 chaos spawn
  A yaktaur simulacrum (Vaults:2)
  Edmund (D:4)
  6 wargs
  2 acid dragons (Vaults:2)
  A swamp worm (shapeshifter) (Vaults:1)
  A spiny frog zombie (Crypt:2)
  A two-headed ogre zombie (Crypt:3)
  A gelid demonspawn zombie (Crypt:2)
  A soldier ant (shapeshifter) (D:15)
  An infernal demonspawn zombie (Crypt:2)
  A soldier ant (D:15)
  A floating eye (Depths:5)
  3 porcupines
  19 water moccasins
  4 sky beasts
  A sky beast (shapeshifter) (Elf:3)
  7 black bears
  3 ice beasts
  An ice dragon simulacrum (Tomb:1)
  51 orc warriors
  A fire dragon simulacrum (Tomb:2)
  A black bear (shapeshifter) (Vaults:3)
  An ettin simulacrum (Abyss:1)
  5 eyes of draining
  A necrophage (Crypt:3)
  2 phantoms
  11 boggarts
  28 ogres
  A snapping turtle zombie (Crypt:1)
  21 wolves (Lair:6)
  16 centaurs
  14 crocodiles
  A snapping turtle skeleton (Tomb:1)
  2 manticore skeletons (Crypt:1)
  3 big kobolds
  4 elf zombies (Elf:1)
  14 bullfrogs
  6 earth elementals
  An elf skeleton (Crypt:3)
  2 wyvern skeletons
  19 killer bees
  6 scorpions
  A water moccasin skeleton (D:4)
  18 wights
  An orc simulacrum (Vaults:2)
  A troll skeleton (Crypt:2)
  7 howler monkeys
  3 electric eels
  6 crimson imps
  A basilisk zombie (Crypt:2)
  4 bullfrog skeletons
  A demonspawn zombie (Crypt:2)
  8 hounds
  31 orc priests
  A gnoll shaman (Orc:2)
  10 jellies
  6 centaur skeletons
  41 orc wizards
  A demonspawn skeleton (Crypt:2)
  2 iron imps
  15 gnolls
  5 iguanas
  17 worker ants
  Natasha (thrice) (D:2)
  2 human skeletons
  A felid zombie (Crypt:2)
  A naga skeleton (Crypt:1)
  A hound zombie (D:9)
  A howler monkey zombie (D:5)
  79 mummies
  A hell rat skeleton (Crypt:1)
  13 adders
  2 river rats
  2 shadow imps
  14 white imps
  3 oozes
  2 halfling zombies
  An adder skeleton (D:5)
  An adder zombie (D:6)
  2 worms
  A dart slug (D:4)
  6 leopard geckos
  106 orcs
  9 giant cockroaches
  9 goblins
  3 hobgoblins
  16 jackals
  5 quokkas
  4 ball pythons
  A ball python skeleton (Crypt:2)
  5 bats
  5 frilled lizards
  A jackal skeleton (D:4)
  25 kobolds
  An orc skeleton (Crypt:1)
  2 quokka skeletons
  7 rats
  2 bushes
  A crawling corpse (Elf:3)
  A fungus (Spider:1)
  3 plants (Shoals:4)
  3 starspawn tentacles (Abyss:3)
2862 creatures vanquished.

Vanquished Creatures (collateral kills)
  A merfolk impaler (Shoals:4)
  A sea snake (Shoals:4)
  A merfolk siren (Shoals:4)
  3 elephants (Lair:3)
  A merfolk (Shoals:4)
  5 gnolls (D:2)
12 creatures vanquished.

Vanquished Creatures (others)
  A quicksilver dragon (Depths:3)
  4 deep elf master archers
  3 stone giants
  A bennu (Tomb:1)
  A deep elf demonologist (Vaults:3)
  2 yaktaur captains (Vaults:5)
  A satyr (Abyss:4)
  A centaur warrior (Depths:3)
  4 death scarabs (Tomb:2)
  A deep elf knight (Elf:1)
  A wretched star (Abyss:3)
  2 deep elf archers
  An ironbrand convoker (Vaults:1)
  A deep elf mage (Elf:2)
  A storm dragon simulacrum (Abyss:3)
  17 yaktaurs
  A tengu conjurer (Depths:1)
  A jumping spider (Spider:1)
  A hydra skeleton (Tomb:2)
  A redback (Spider:4)
  A water elemental (Shoals:4)
  2 ushabtiu (Tomb:1)
  A spiny frog skeleton (Tomb:3)
  An orc warrior (Vaults:4)
  An ogre (Vaults:5)
  A centaur (D:15)
  A mummy (Tomb:2)
  A gnoll (D:2)
  An orc (Vaults:4)
  8 fungi (Lair:6)
  83 plants
  A starspawn tentacle (Abyss:3)
148 creatures vanquished.

Grand Total: 3022 creatures vanquished

Notes
Turn   | Place    | Note
-------+----------+-------------------------------------------
     0 | D:1      | kuniqs the Gargoyle Artificer began the quest for the Orb.
     0 | D:1      | Reached XP level 1. HP: 12/12 MP: 2/2
   411 | D:1      | Reached XP level 2. HP: 17/17 MP: 4/4
   565 | D:1      | Found an iron altar of Okawaru.
   752 | D:2      | Reached XP level 3. HP: 8/21 MP: 5/5
   990 | D:2      | Found a shadowy altar of Dithmenos.
  1011 | D:2      | Noticed Natasha
  1016 | D:2      | Killed Natasha
  1016 | D:2      | Reached skill level 1 in Maces & Flails
  1277 | D:2      | Reached XP level 4. HP: 23/27 MP: 6/6
  1800 | D:2      | Reached XP level 5. HP: 28/32 MP: 7/7
  1885 | D:2      | Noticed Natasha
  1893 | D:2      | Killed Natasha
  2003 | D:2      | Noticed Natasha
  2009 | D:2      | Killed Natasha
  2092 | D:3      | Found a faded altar of an unknown god.
  2218 | D:3      | Learned a level 1 spell: Apportation
  2248 | D:3      | Found a sparkling altar of Nemelex Xobeh.
  2374 | D:3      | Noticed Uhlv's ghost (amateur MfSk)
  2615 | D:4      | Reached XP level 6. HP: 38/38 MP: 8/8
  2709 | D:4      | Reached skill level 1 in Armour
  2726 | D:4      | Found a glowing drain.
  2737 | Sewer    | Entered a sewer
  2830 | Sewer    | Found a white marble altar of Elyvilon.
  2833 | Sewer    | Became a worshipper of Elyvilon the Healer
  2996 | D:4      | Found a staircase to the Ecumenical Temple.
  3001 | Temple   | Entered the Ecumenical Temple
  3083 | Temple   | Reached * piety under Elyvilon
  3265 | D:4      | Reached XP level 7. HP: 43/43 MP: 9/9
  3385 | D:4      | Reached skill level 1 in Invocations
  3390 | D:4      | Noticed Eustachio
  3539 | D:4      | Killed Eustachio
  3598 | D:4      | Noticed Edmund
  3621 | D:4      | Killed Edmund
  3684 | D:4      | Noticed Pikel
  3707 | D:4      | Killed Pikel
  3707 | D:4      | Reached skill level 5 in Fighting
  3707 | D:4      | Reached XP level 8. HP: 47/50 MP: 10/10
  4007 | D:4      | Reached ** piety under Elyvilon
  4126 | D:5      | Entered Level 5 of the Dungeon
  4183 | D:5      | Reached skill level 5 in Maces & Flails
  4327 | D:5      | Found a stormy altar of Qazlal.
  4329 | D:5      | Noticed a water elemental
  4330 | D:5      | Noticed an air elemental
  4438 | D:5      | Reached XP level 9. HP: 55/55 MP: 12/12
  4911 | D:6      | Reached skill level 5 in Armour
  4925 | D:6      | Reached skill level 5 in Dodging
  5268 | D:6      | Reached *** piety under Elyvilon
  5560 | D:7      | Reached skill level 5 in Invocations
  5954 | D:7      | Reached **** piety under Elyvilon
  6488 | D:7      | Reached XP level 10. HP: 49/63 MP: 14/14
  6652 | D:8      | Found an iron altar of Okawaru.
  6921 | D:8      | Learned a level 3 spell: Ozocubu's Armour
  6958 | D:8      | Noticed Joseph
  7350 | D:8      | Killed Joseph
  7477 | D:8      | Found a burning altar of Makhleb.
  7636 | D:9      | Found a shimmering altar of Xom.
  7712 | D:9      | Found Wunoakie's Gadget Emporium.
  7751 | D:9      | Noticed Psyche
  7764 | D:9      | Paralysed by Psyche for 5 turns
  7773 | D:9      | Killed Psyche
  7972 | D:9      | Found a staircase to the Lair.
  8102 | D:9      | Noticed Erica
  8121 | D:9      | Killed Erica
  8121 | D:9      | Reached XP level 11. HP: 64/69 MP: 12/16
  8343 | D:9      | Noticed a catoblepas
  8357 | D:9      | Killed a catoblepas
  8411 | D:10     | Entered Level 10 of the Dungeon
  8411 | D:10     | Found a viscous altar of Jiyva.
  9057 | D:10     | Noticed a two-headed ogre
  9059 | D:10     | Noticed a two-headed ogre
  9081 | D:10     | Killed a two-headed ogre
  9091 | D:10     | Killed a two-headed ogre
  9108 | D:10     | Gained mutation: Your muscles are strong. (Str +2) [potion of beneficial mutation]
  9212 | D:10     | Found a staircase to the Orcish Mines.
  9465 | D:11     | Found a labyrinth entrance.
  9485 | Lab      | Entered a labyrinth
  9769 | Lab      | Noticed a minotaur
  9794 | Lab      | Killed a minotaur
  9814 | Lab      | Got a flickering garnet amulet
  9819 | Lab      | Identified the amulet "Qocvererchi" {Faith Int+4 Stlth+} (You found it in a labyrinth)
  9971 | D:11     | Killed an unseen horror
 10032 | D:11     | Reached ***** piety under Elyvilon
 10203 | D:10     | Noticed a two-headed ogre
 10210 | D:10     | Killed a two-headed ogre
 10505 | D:11     | Reached XP level 12. HP: 68/77 MP: 18/18
 10703 | D:11     | Noticed an eight-headed hydra
 10705 | D:11     | Pacified an eight-headed hydra
 10832 | D:11     | Reached skill level 10 in Fighting
 11770 | D:12     | Reached skill level 10 in Armour
 11849 | D:12     | Noticed Frances
 11887 | D:12     | Killed Frances
 11892 | D:12     | Noticed Urug
 11900 | D:12     | Killed Urug
 11919 | D:12     | Noticed Nergalle
 11936 | D:12     | Killed Nergalle
 12444 | D:12     | Reached XP level 13. HP: 66/84 MP: 19/19
 12608 | D:12     | Reached skill level 10 in Maces & Flails
 13490 | D:13     | You fall through a shaft for 2 floors!
 13490 | D:15     | Entered Level 15 of the Dungeon
 13492 | D:15     | Found a frozen archway.
 14083 | IceCv    | Entered an ice cave
 14311 | D:14     | Reached skill level 1 in Shields
 14600 | D:14     | Noticed Roxanne
 14823 | D:14     | Found a basalt altar of Yredelemnul.
 15122 | D:14     | Found a gate to the Vaults.
 15138 | D:14     | Gained mutation: Your large and strong wings let you fly indefinitely. [Gargoyle growth]
 15138 | D:14     | Reached XP level 14. HP: 72/92 MP: 20/20
 15546 | D:13     | Found a snail-covered altar of Cheibriados.
 15938 | Orc:1    | Entered Level 1 of the Orcish Mines
 16089 | Orc:1    | Noticed an orc warlord
 16126 | Orc:1    | Killed an orc warlord
 16280 | Orc:1    | Found Mozaruf's Magic Scroll Emporium.
 16362 | Orc:2    | Entered Level 2 of the Orcish Mines
 16371 | Orc:2    | Noticed Maurice
 16400 | Orc:2    | Killed Maurice
 17166 | Orc:2    | Found a staircase to the Elven Halls.
 17389 | Orc:2    | Noticed an orc warlord
 17568 | Orc:2    | Killed an orc warlord
 17568 | Orc:2    | Reached skill level 5 in Shields
 17838 | Orc:2    | Reached skill level 10 in Dodging
 18211 | Orc:2    | Noticed an orc warlord
 18312 | Orc:2    | Killed an orc warlord
 18599 | Orc:2    | Found Poasoj's General Store.
 18600 | Orc:2    | Found Iketh's Book Shoppe.
 18601 | Orc:2    | Found Ytzyv's Antique Armour Shoppe.
 18601 | Orc:2    | Found Sitzot's Antique Weapon Emporium.
 18682 | Orc:2    | Bought a glowing demon whip for 609 gold pieces
 19311 | Temple   | Fell from the grace of Elyvilon
 19311 | Temple   | Became a worshipper of the Shining One
 19311 | Temple   | Reached * piety under the Shining One
 19311 | Temple   | Reached ** piety under the Shining One
 19504 | Lair:1   | Entered Level 1 of the Lair of Beasts
 20311 | Lair:1   | Got a colourful robe
 20312 | Lair:1   | Identified the +1 robe of Indecent Exposure {rElec Stlth+} (You found it on level 1 of the Lair of Beasts)
 20528 | Lair:2   | Reached XP level 15. HP: 79/98 MP: 21/21
 20567 | Lair:2   | Found a hole to the Spider Nest.
 21291 | Lair:3   | Reached *** piety under the Shining One
 21412 | Lair:3   | Noticed Fannar
 21439 | Lair:3   | Killed Fannar
 21913 | Lair:4   | Found a staircase to the Shoals.
 23093 | Lair:6   | Entered Level 6 of the Lair of Beasts
 23380 | Lair:6   | Found a viscous altar of Jiyva.
 23380 | Lair:6   | Found a staircase to the Slime Pits.
 23440 | Lair:6   | Reached **** piety under the Shining One
 24704 | Spider:1 | Entered Level 1 of the Spider Nest
 24704 | Spider:1 | Noticed an emperor scorpion
 24746 | Lair:2   | Killed an emperor scorpion
 24861 | Shoals:1 | Entered Level 1 of the Shoals
 25442 | Shoals:1 | Reached XP level 16. HP: 63/105 MP: 22/22
 25924 | Shoals:1 | Got a distressingly furry helmet
 25959 | Shoals:1 | Learned a level 2 spell: Repel Missiles
 26158 | Shoals:2 | Reached ***** piety under the Shining One
 26202 | Shoals:2 | Reached skill level 10 in Shields
 26625 | Shoals:2 | Got a scorched animal skin
 26636 | Shoals:2 | Identified the cursed +0 animal skin of the Gate {rF+} (You found it on level 2 of the Shoals)
 26837 | Shoals:4 | Entered Level 4 of the Shoals
 26859 | Shoals:4 | Identified the +5 helmet "Xoocixeuxte" {rF++ rC+ MR+} (You found it on level 1 of the Shoals)
 26900 | Shoals:3 | Found Fapra's Book Shoppe.
 27035 | Shoals:3 | Learned a level 2 spell: Song of Slaying
 27121 | Shoals:3 | Identified the +11 plate armour "Nod Juo" {Stlth+} (You found it on level 3 of the Shoals)
 27133 | Shoals:3 | WOW
 27920 | Shoals:4 | Got a barnacled rune of Zot
 28431 | Shoals:1 | Reached XP level 17. HP: 111/111 MP: 23/23
 28679 | Vaults:1 | Entered Level 1 of the Vaults
 28896 | Vaults:1 | Reached skill level 15 in Shields
 29045 | Vaults:1 | Reached ****** piety under the Shining One
 29048 | Vaults:1 | Identified a glowing sacred scourge {god gift} (a glowing demon whip blessed by the Shining One)
 29048 | Vaults:1 | Received a gift from the Shining One
 29445 | Temple   | Fell from the grace of the Shining One
 29445 | Temple   | Became a worshipper of Elyvilon the Healer
 30124 | Vaults:1 | Noticed Asterion
 30451 | Vaults:1 | Killed Asterion
 31324 | Vaults:2 | Found a staircase to the Crypt.
 31791 | Vaults:2 | Reached skill level 15 in Fighting
 31791 | Vaults:2 | Reached skill level 15 in Armour
 31997 | Vaults:2 | Reached XP level 18. HP: 111/119 MP: 24/24
 33249 | Vaults:3 | Noticed Jorgrun
 33272 | Vaults:3 | Killed Jorgrun
 34176 | Vaults:3 | Reached XP level 19. HP: 127/127 MP: 25/25
 36130 | Vaults:4 | Found a white marble altar of Elyvilon.
 36302 | Crypt:1  | Entered Level 1 of the Crypt
 36671 | Crypt:1  | Reached XP level 20. HP: 108/136 MP: 26/26
 37004 | Crypt:2  | Noticed Saint Roka
 37059 | Crypt:2  | Killed Saint Roka
 38141 | Crypt:3  | Entered Level 3 of the Crypt
 38349 | Crypt:3  | Identified Sif Muna's Tome of Stolen Souls
 38384 | Crypt:3  | Found a staircase to the Tomb.
 38455 | Crypt:3  | Noticed an ancient lich
 38492 | Crypt:3  | Killed an ancient lich
 38685 | Crypt:3  | Reached skill level 15 in Dodging
 38725 | Crypt:3  | Reached XP level 21. HP: 101/143 MP: 27/27
 38973 | Crypt:3  | Noticed a greater mummy
 39277 | Crypt:3  | Killed a greater mummy
 39405 | Crypt:3  | Found an ancient bone altar of Kikubaaqudgha.
 40029 | Tomb:1   | Entered Level 1 of the Tomb of the Ancients
 40712 | Tomb:1   | Noticed a greater mummy
 40720 | Tomb:1   | Noticed a greater mummy
 41007 | Tomb:1   | Noticed a greater mummy
 41045 | Tomb:1   | Killed a greater mummy
 41050 | Tomb:1   | Noticed a greater mummy
 41067 | Tomb:1   | Killed a greater mummy
 41374 | Tomb:1   | Noticed an ancient lich
 41387 | Tomb:1   | Killed an ancient lich
 41538 | Tomb:1   | Killed a greater mummy
 41849 | Tomb:2   | Noticed a greater mummy
 41849 | Tomb:2   | Noticed a greater mummy
 41851 | Tomb:2   | Noticed a greater mummy
 42208 | Tomb:2   | Noticed a greater mummy
 42209 | Tomb:2   | Noticed Jory
 42924 | Orc:2    | Bought a scroll of magic mapping for 56 gold pieces
 42924 | Orc:2    | Bought a potion of cancellation for 128 gold pieces
 43034 | Orc:1    | Bought a scroll of recharging for 133 gold pieces
 43034 | Orc:1    | Bought a scroll of enchant weapon for 105 gold pieces
 43034 | Orc:1    | Bought a scroll of enchant weapon for 105 gold pieces
 43231 | Spider:1 | Reached XP level 22. HP: 152/152 MP: 28/28
 44046 | Spider:2 | Identified a scroll of acquirement
 44476 | Spider:2 | Noticed Agnes
 44494 | Spider:2 | Killed Agnes
 44644 | Spider:2 | Noticed Arachne
 44673 | Spider:2 | Killed Arachne
 45375 | Spider:4 | Entered Level 4 of the Spider Nest
 46764 | Spider:4 | Got a gossamer rune of Zot
 46993 | Elf:1    | Entered Level 1 of the Elven Halls
 47055 | Elf:1    | Found Kiupeeleu's Assorted Antiques.
 47055 | Elf:1    | Found Ywuak's Jewellery Emporium.
 47067 | Elf:1    | Found Moceskuq's Antique Armour Shoppe.
 47112 | Elf:1    | Found Pishu's Food Emporium.
 47115 | Elf:1    | Bought a scroll labeled KUUNUL WAEDGHO for 35 gold pieces
 47115 | Elf:1    | Bought a pink potion for 31 gold pieces
 47194 | Elf:1    | Identified the Compendium of Unholy Rituals
 47461 | Elf:1    | Noticed Louise
 47492 | Elf:1    | Killed Louise
 47710 | Elf:1    | Noticed Donald
 47750 | Elf:1    | Killed Donald
 47752 | Elf:1    | Got a warped shield {Donald}
 47753 | Elf:1    | Identified the cursed +0 shield of Ytwep {+Fly rC+} (You took it off Donald on level 1 of the Elven Halls)
 47930 | Elf:1    | Reached ****** piety under Elyvilon
 48095 | Elf:2    | Found Nustyewn's Gadget Boutique.
 48111 | Elf:2    | Found Fazareb's Magic Scroll Shoppe.
 48119 | Elf:2    | Reached XP level 23. HP: 156/156 MP: 29/29
 48263 | Elf:2    | Found Ygoijim's Assorted Antiques.
 48375 | Elf:2    | Found a huge runed gate.
 48375 | Elf:2    | Found a huge runed gate.
 48381 | Elf:2    | Found a huge runed gate.
 48381 | Elf:2    | Found a huge runed gate.
 48381 | Elf:2    | Found a huge runed gate.
 48427 | Elf:2    | Found Ruowo's Magic Scroll Emporium.
 48430 | Elf:2    | Bought 3 scrolls of blinking for 360 gold pieces
 48430 | Elf:2    | Bought 2 scrolls of blinking for 240 gold pieces
 48700 | Elf:3    | Entered Level 3 of the Elven Halls
 48819 | Elf:3    | Found Meinal's Assorted Antiques.
 48864 | Elf:3    | Found Huololy's Gadget Emporium.
 48864 | Elf:3    | Found Usavawk's Jewellery Shop.
 48866 | Elf:3    | Found Raqyor's Jewellery Shop.
 48890 | Elf:3    | Found a huge runed gate.
 48890 | Elf:3    | Found a huge runed gate.
 48891 | Elf:3    | Found a huge runed gate.
 49030 | Elf:3    | Found a huge runed gate.
 49033 | Elf:3    | Found a huge runed gate.
 49038 | Elf:3    | Found a huge runed gate.
 49038 | Elf:3    | Found a huge runed gate.
 49038 | Elf:3    | Found a huge runed gate.
 49042 | Elf:3    | Found a huge runed gate.
 49043 | Elf:3    | Found a huge runed gate.
 49051 | Elf:3    | Found a huge runed gate.
 49053 | Elf:3    | Found a huge runed gate.
 49059 | Elf:3    | Found a huge runed gate.
 49059 | Elf:3    | Found a huge runed gate.
 49059 | Elf:3    | Found a huge runed gate.
 49060 | Elf:3    | Found a huge runed gate.
 49275 | Elf:3    | Found a huge runed gate.
 49275 | Elf:3    | Found a huge runed gate.
 49699 | Elf:3    | Identified the +1 scale mail of the Stag {Str+6} (You took it off a deep elf high priest on level 3 of the Elven Halls)
 50010 | Elf:3    | Cast into level 3 of the Abyss (a deep elf sorcerer)
 50507 | Elf:3    | Escaped the Abyss
 51225 | Elf:3    | Identified the +9 scale mail of the Heavens {MR+} (You found it on level 3 of the Elven Halls)
 51351 | Elf:3    | Bought a potion of heal wounds for 125 gold pieces
 51351 | Elf:3    | Bought a potion of haste for 250 gold pieces
 51351 | Elf:3    | Bought a potion of haste for 250 gold pieces
 51432 | Elf:1    | Bought a heavily runed pewter amulet for 175 gold pieces
 51432 | Elf:1    | Bought a spiked plate armour for 980 gold pieces
 51432 | Elf:1    | Identified the amulet of Liberty {Inacc +Fly rC+++ Str-3 Int-4} (You bought it in a shop on level 1 of the Elven Halls)
 51449 | Elf:1    | Identified the +9 plate armour of the Meadowlark {Str+3 Int+3} (You bought it in a shop on level 1 of the Elven Halls)
 51875 | Crypt:1  | Reached XP level 24. HP: 151/163 MP: 29/29
 51876 | Crypt:1  | Reached XP level 25. HP: 155/168 MP: 29/29
 51877 | Crypt:1  | Reached XP level 26. HP: 161/174 MP: 29/29
 52087 | Tomb:1   | Killed a greater mummy
 52584 | Tomb:1   | Killed a greater mummy
 52623 | Tomb:1   | Killed Jory
 52732 | Tomb:1   | Killed a greater mummy
 52756 | Tomb:1   | Killed a greater mummy
 53407 | Tomb:3   | Entered Level 3 of the Tomb of the Ancients
 53652 | Tomb:3   | Noticed an ancient lich
 53749 | Tomb:3   | Noticed a greater mummy
 54074 | Tomb:2   | Killed a greater mummy
 54267 | Tomb:2   | Killed an ancient lich
 54371 | Tomb:3   | Noticed a greater mummy
 54392 | Tomb:2   | Killed a greater mummy
 54508 | Tomb:3   | Noticed a greater mummy
 54529 | Tomb:3   | Killed a greater mummy
 54829 | Tomb:3   | Noticed a greater mummy
 54849 | Tomb:3   | Killed a greater mummy
 54871 | Tomb:3   | Noticed a greater mummy
 54894 | Tomb:3   | Noticed a greater mummy
 54909 | Tomb:3   | Killed a greater mummy
 55208 | Tomb:2   | Killed a greater mummy
 55304 | Tomb:3   | Identified the +0 plate armour of the Commoners {Str-3 Dex+3 SInv} (You found it on level 3 of the Tomb of the Ancients)
 55339 | Tomb:3   | Got a scintillating marble ring
 55347 | Tomb:3   | Identified the ring of Insomnia {rElec rF+ rC+ rN++ Int-4} (You found it on level 3 of the Tomb of the Ancients)
 55351 | Tomb:3   | Got a ring of the Octopus King
 55353 | Tomb:3   | Identified a ring of the Octopus King {Wiz AC+1 EV+1 Str+1 Int+1 Dex+1} (You found it on level 3 of the Tomb of the Ancients)
 55421 | Tomb:3   | Noticed a greater mummy
 55437 | Tomb:3   | Killed a greater mummy
 55466 | Tomb:3   | Noticed a greater mummy
 55484 | Tomb:3   | Killed a greater mummy
 55484 | Tomb:3   | Reached XP level 27. HP: 119/179 MP: 29/29
 55518 | Tomb:3   | Got a golden rune of Zot
 55916 | Vaults:5 | Entered Level 5 of the Vaults
 56242 | Vaults:5 | Noticed an ancient lich
 56263 | Vaults:5 | Killed an ancient lich
 56437 | Vaults:5 | Got a ring of the Octopus King
 56440 | Vaults:5 | Identified a ring of the Octopus King {rCorr AC+1 EV+1 Str+1 Int+1 Dex+1} (You took it off a vault sentinel on level 5 of the Vaults)
 57190 | Vaults:5 | Got a silver rune of Zot
 57568 | Vaults:5 | Noticed an ancient lich
 57606 | Vaults:5 | Noticed nublet's ghost (veteran FoAK)
 57616 | Vaults:5 | Killed an ancient lich
 57832 | Vaults:5 | Killed nublet's ghost
 57896 | Vaults:5 | Found Toutisis's Magic Scroll Shop.
 57901 | Vaults:5 | Bought a scroll of enchant armour for 127 gold pieces
 58053 | Vaults:5 | Bought a scroll of brand weapon for 340 gold pieces
 58053 | Vaults:5 | Bought a scroll of enchant weapon for 127 gold pieces
 58550 | Elf:2    | Bought 2 potions of cure mutation for 1300 gold pieces
 58550 | Elf:2    | Bought a scroll of acquirement for 1352 gold pieces
 58550 | Elf:2    | Bought a scroll of enchant weapon for 195 gold pieces
 59140 | Orc:1    | Bought a scroll of brand weapon for 280 gold pieces
 59368 | Slime:1  | Entered Level 1 of the Pits of Slime
 59529 | Slime:5  | Entered Level 5 of the Pits of Slime
 59584 | Slime:5  | Found a viscous altar of Jiyva.
 59584 | Slime:5  | Noticed the Royal Jelly
 59613 | Slime:5  | Killed the Royal Jelly
 59639 | Slime:5  | Reached skill level 15 in Maces & Flails
 59892 | Slime:5  | Got a slimy rune of Zot
 59914 | Slime:5  | Got a coiled wooden ring
 59931 | Slime:5  | Identified the ring "Kofuacoch" {+Inv rElec rC+ Stlth+} (You found it on level 5 of the Pits of Slime)
 60038 | Lair:6   | Gained mutation: You have a somewhat thin skeletal structure. (Dex +2, Stealth) [potion of beneficial mutation]
 60533 | D:15     | Found a staircase to the Depths.
 60549 | Depths:1 | Entered Level 1 of the Depths
 60649 | Depths:1 | Found a gateway to Hell.
 60711 | Depths:1 | Found a shattered altar of Ashenzari.
 60974 | Depths:1 | Found a one-way gate leading to the halls of Pandemonium.
 61773 | Depths:2 | Noticed a juggernaut
 61786 | Depths:2 | Killed a juggernaut
 62933 | Depths:2 | Noticed an ancient lich
 62941 | Depths:2 | Killed an ancient lich
 63006 | Depths:3 | Noticed Margery
 63020 | Depths:3 | Killed Margery
 63284 | Depths:3 | Noticed an ancient lich
 63304 | Depths:3 | Killed an ancient lich
 63427 | Depths:3 | Identified Kikubaaqudgha's Compendium of Stolen Souls
 63914 | Depths:3 | Found Abyuneabue's Armour Boutique.
 64061 | Depths:3 | Found Wusuve's Antique Armour Shoppe.
 64170 | Depths:3 | Noticed a juggernaut
 64191 | Depths:3 | Killed a juggernaut
 64340 | Depths:4 | Found a one-way gate to the infinite horrors of the Abyss.
 64415 | Depths:4 | Voluntarily entered the Abyss.
 64543 | Abyss:2  | Found a corrupted altar of Lugonu.
 64753 | Abyss:3  | Paralysed by you for 4 turns
 64886 | Abyss:3  | Found a corrupted altar of Lugonu.
 64996 | Abyss:4  | Got an abyssal rune of Zot
 65017 | Abyss:4  | Found a corrupted altar of Lugonu.
 65021 | Depths:4 | Escaped the Abyss
 65181 | Depths:4 | Found a gateway to a ziggurat.
 65192 | Zig:1    | Entered Level 1 of a ziggurat
 65224 | Zig:2    | Entered Level 2 of a ziggurat
 65257 | Zig:3    | Entered Level 3 of a ziggurat
 65295 | Zig:4    | Entered Level 4 of a ziggurat
 65370 | Zig:5    | Entered Level 5 of a ziggurat
 65371 | Zig:5    | Noticed Ifoalom the pandemonium lord
 65393 | Zig:5    | Killed Ifoalom the pandemonium lord
 65412 | Zig:5    | Identified the Incunabulum of Gliding Calling
 65464 | Zig:6    | Entered Level 6 of a ziggurat
 65532 | Zig:6    | Identified the +10 plate armour of Unwudoj {Str+2} (You found it on level 6 of a ziggurat)
 65584 | Zig:7    | Entered Level 7 of a ziggurat
 65685 | Zig:7    | Identified the Catalogue of the Displaced Escort
 66510 | Depths:5 | Entered Level 5 of the Depths
 66593 | Depths:5 | Found a gate to the Realm of Zot.
 67639 | Zot:1    | Entered Level 1 of the Realm of Zot
 68415 | Zot:4    | Noticed an orb of fire
 68491 | Zot:4    | Killed an orb of fire
 68656 | Zot:5    | Entered Level 5 of the Realm of Zot
 68982 | Zot:5    | Noticed an orb of fire
 68982 | Zot:5    | Noticed an orb of fire
 68982 | Zot:5    | Noticed an orb of fire
 68982 | Zot:5    | Noticed an orb of fire
 68984 | Zot:5    | Noticed an ancient lich
 68985 | Zot:5    | Noticed an ancient lich
 68986 | Zot:5    | Noticed an ancient lich
 68987 | Zot:5    | Noticed an orb of fire
 68997 | Zot:5    | Noticed an orb of fire
 69002 | Zot:5    | Noticed an orb of fire
 69005 | Zot:5    | Gained mutation: You are dopey. (Int -2) [an orb of fire]
 69006 | Zot:5    | Killed an orb of fire
 69011 | Zot:5    | Gained mutation: Your spells are a little easier to cast, but a little less powerful. [an orb of fire]
 69012 | Zot:5    | HP: 4/190 [quicksilver dragon (17)]
 69012 | Zot:5    | Mangled by an Orb Guardian

Vault maps used:
D:1:      tarquinn_simple_flora_water_f, okawaru_ov_weapons_minmay
D:2:      nicolae_dithmenos_shadow_blocks, uniq_natasha
D:3:      chequers_ecumenical_altar_island, nemelex_diamond_rough_becter,
          uniq_crazy_yiuf_cottage
D:4:      serial_bayou, serial_bayou_shore_b, serial_bayou_shore_b,
          serial_bayou_crossing, serial_bayou_shore_a, portal_sewer_entry_b,
          minmay_misc_feat_rugged, grunt_ministairs_2, uniq_pikel, uniq_edmund,
          uniq_eustachio
D:5:      nicolae_qazlal_style_of_elements, first_bread
D:6:      serial_bayou_pond_a
D:7:      grunt_livestock, kb_lookout_dungeons_type, grunt_ministairs_8,
          grunt_potential
D:8:      overflow_temple_1_default, basic_altar, uniq_joseph
D:9:      erik_lair_orcish_takeover, serial_shops, shop, st_stairs_9,
          minmay_guarded_unrand_variability, uniq_erica, uniq_psyche
D:10:     erik_orc_2, jiyva_altar_1
D:11:     special_room, lab_entry_generic, enter_bailey_3
D:12:     uniq_urug, uniq_nergalle, uniq_frances
D:13:     basic_altar, kennysheep_generic_room_6
D:14:     wad_cavern_with_rooms, david_vaults_1, yredelemnul_altar_generic,
          st_stairs_12, uniq_roxanne
D:15:     gammafunk_enter_depths_forms, portal_ice_cave_entry_imps,
          nicolae_water_bricks
Temple:   dpeg_five_rooms_temple
Lair:1:   beast_lair_carwin_large_1, serial_forest,
          infiniplex_forest_clump_medium, infiniplex_forest_clump_small,
          infiniplex_forest_lined_room_3, infiniplex_forest_zigzag_1,
          infiniplex_forest_straight_4, infiniplex_forest_clump_tiny,
          infiniplex_forest_lined_3, infiniplex_forest_end_2,
          minmay_lair_oklob_items, serial_bayou_pond_a,
          eino_small_chamber_without_monster
Lair:2:   spider_nest_entry_rubble, infiniplex_staircase_pool_2
Lair:3:   uniq_fannar
Lair:4:   minmay_shoals_entry_centaurs
Lair:6:   minmay_lair_end_enchanted_forest, slime_altar_1, grunt_megastairs_1
Shoals:2: argonaut_golden_fleece
Shoals:3: serial_shops, shop
Shoals:4: shoals_end_grunt_garden, shoal_ilsuiw
Spider:1: special_room, spiders_nest_spider_trap
Spider:2: hangedman_spider_tarantella_strand, uniq_agnes, uniq_arachne
Spider:4: spider_rune_water
Slime:1:  nicolae_slime_barrier
Orc:1:    serial_shops, shop_fountains
Orc:2:    st_orc_congregation, uniq_maurice
Elf:1:    elf_arrival_002, minmay_elf_necromancy, hex_medium, sword_in_stone,
          minmay_shoptagon, uniq_louise
Elf:2:    serial_shops, nicolae_shop_statue_plus, shop, shop_fountains,
          nicolae_shop_behind_doors, spider_trap
Elf:3:    minmay_elf_hall_four_x, serial_shops, shop_fountains, door_vault,
          minmay_shop_grove
Vaults:1: ontoclasm_vaults_gallery, ontoclasm_vaults_claustrophobia,
          hangedman_vaults_corner, v_misc_24, nicolae_vaults_network_periphery,
          ontoclasm_vaults_chip, vaults_room_boxed, vaults_standard_mumra_x,
          vaults_room_fours, ontoclasm_vaults_twist,
          nicolae_vaults_little_squares_1, nicolae_vaults_little_squares_4,
          uniq_asterion
Vaults:2: nicolae_vaults_ninety_degrees, grunt_vaults_trifunnel,
          nicolae_vaults_asterisk, st_squares, v_misc_1, hangedman_vaults_trim,
          minmay_crypt_entry_simple_sparse, v_rooms_4,
          nicolae_vaults_ring_of_whatevers, v_misc_25, grunt_vaults_funnel,
          grunt_vaults_hallway_short
Vaults:3: kb_rosetta, ontoclasm_vaults_ring_square, v_misc_25, v_misc_2,
          ontoclasm_vaults_hangar, nicolae_vaults_big_ls, v_misc_10, v_misc_16,
          nicolae_vaults_little_squares_5, vaults_room_fours,
          hangedman_vaults_hat, vaults_dpeg_diagonal, nicolae_vaults_asterisk,
          uniq_jorgrun
Vaults:4: hangedman_vaults_slice, v_pattern_5, vaults_room_hallway, v_misc_27,
          v_misc_18, hangedman_vaults_hard_town_square,
          nicolae_vaults_little_squares_1, v_misc_13, hangedman_vaults_cutoff,
          hangedman_vaults_nails, ontoclasm_vaults_fault, v_misc_23, basic_altar
Crypt:1:  hangedman_weighted_door, grunt_megastairs_2,
          grunt_crypt_arrival_webbed
Crypt:2:  minmay_misc_feat_columns, wad_floor_pattern_1, uniq_saint_roka
Crypt:3:  church_of_pain_bobbens, tomb_entry_shell_bobbens
Tomb:2:   uniq_jory
Depths:1: rand_demon_pan_entry_1, hell_entry, kennysheep_boxes,
          ashenzari_altar_1
Depths:2: hangedman_pleasuredromes, hell_entry, pan_entry
Depths:3: minmay_stepped, hell_entry, rand_demon_pan_entry_8,
          minmay_stone_trees_medium, special_room, serial_shops, shop,
          nicolae_shop_overgrown_old_shop, uniq_margery
Depths:4: minmay_spriggan_fort, enter_ziggurat_a, minmay_fountain_box,
          nicolae_abyss_entry_one_way_or_another, hell_entry
Depths:5: grunt_zot_entry_tricorne, pan_entry, nrook_mini_backslash,
          grunt_hell_entry_dis_grunt
Zot:2:    regret_index_qazlal_generations
Abyss:2:  evilmike_abyss_exit_glass
Abyss:4:  evilmike_abyss_exit_kraken, onia_ninara_dug_in_and_dangerous,
          grunt_abyss_rune_forest_and_sorcery, minivault_27,
          serial_sigils_hangedman_snap, minivault_20, bh_abyss_negative
Zig:7:    ziggurat_pillar_centre_c
Lab:      labyrinth_hidden_loot
Sewer:    sewer_kobolds
IceCv:    ice_cave_statue_garden_teleport

Skill      XL: |  1  2  3  4  5  6  7  8  9 10 11 12 13 14 15 16 17 18 19 20 21 22 23 24 25 26 27 |
---------------+----------------------------------------------------------------------------------+-----
Dodging        | 2 3 4 5 6 7 8 9 10 11 12 13 14 15 16 23 | 23.1
Fighting       | 2 3 4 5 7 8 9 11 12 13 14 15 16 17 18 19 20 24 | 24.1
Maces & Flails | 1 2 3 4 5 6 7 8 9 11 12 16 | 16.0
Armour         | 2 3 4 6 8 9 10 12 13 14 15 16 17 18 20 25 | 25.8
Invocations    | 3 4 5 7 8 9 |  9.0
Shields        | 3 6 8 14 15 18 21 22 25 | 25.1
Short Blades   | |  0.8
Stealth        | |  1.1
Evocations     | |  2.6

Action                   |  1- 3 |  4- 6 |  7- 9 | 10-12 | 13-15 | 16-18 | 19-21 | 22-24 | 25-27 || total
-------------------------+-------+-------+-------+-------+-------+-------+-------+-------+-------++-------
Melee: Short sword       |    91 |     7 |       |       |       |       |       |       |       ||    98
       Mace              |    11 |       |       |       |       |       |       |       |       ||    11
       Whip              |       |   185 |   388 |  1050 |  2700 |   758 |       |       |       ||  5081
       Flail             |       |       |     5 |       |       |       |       |       |       ||     5
       Morningstar       |       |       |       |    78 |    82 |   136 |       |       |       ||   296
       Sacred scourge    |       |       |       |       |       |  1494 |  2123 |  2036 |  2730 ||  8383
       Eveningstar       |       |       |       |       |       |       |       |       |  2706 ||  2706
Throw: Javelin           |       |       |     4 |       |       |       |       |       |       ||     4
       Throwing net      |       |       |       |       |       |       |     1 |       |     1 ||     2
Invok: Lesser Healing    |       |       |     3 |     5 |     9 |       |     4 |       |     2 ||    23
       Greater Healing   |       |       |       |    12 |    20 |     1 |    13 |     1 |     9 ||    56
       Purification      |       |       |       |     1 |     1 |       |     3 |     1 |     1 ||     7
       Heal Other        |       |       |       |     5 |       |       |       |       |       ||     5
       Cleansing Flame   |       |       |       |       |     1 |       |       |       |       ||     1
       Brand Weapon With |       |       |       |       |       |     1 |       |       |       ||     1
       Divine Protection |       |       |       |       |       |       |       |       |     6 ||     6
 Abil: Fly               |       |       |       |       |     1 |     2 |       |       |     2 ||     5
       Stop Flying       |       |       |       |       |       |     2 |       |       |     3 ||     5
Evoke: Wand              |     9 |     6 |     1 |     7 |    10 |     1 |       |     4 |    12 ||    50
       Box of beasts     |       |       |       |       |     2 |     4 |       |       |       ||     6
       Lightning rod     |       |       |       |       |       |       |       |     3 |     9 ||    12
  Use: Potion            |       |     3 |       |     3 |       |     4 |     2 |     2 |     8 ||    22
       Scroll            |       |       |       |    22 |    17 |    12 |    15 |    19 |    53 ||   138
 Stab: Sleeping          |       |     1 |     2 |       |       |       |       |       |       ||     3
       Distracted        |       |       |       |       |       |     2 |       |       |     3 ||     5
       Held in net/web   |       |       |       |       |       |       |     2 |       |       ||     2
       Confused          |       |       |       |       |       |       |       |       |     1 ||     1
  Eat: Chunk             |     1 |     6 |    11 |    24 |    20 |    14 |     7 |     7 |     1 ||    91
       Royal jelly       |       |       |       |     2 |    11 |     1 |     1 |     2 |     4 ||    21
       Meat ration       |       |       |       |       |     1 |     2 |     7 |     4 |    10 ||    24
       Beef jerky        |       |       |       |       |     7 |     2 |     1 |     1 |     5 ||    16
       Bread ration      |       |       |       |       |       |       |       |       |     1 ||     1
Armor: Leather armour    |    36 |    15 |    76 |   131 |       |       |       |       |       ||   258
       Ring mail         |       |    62 |    31 |       |       |       |       |       |       ||    93
       Skin              |       |       |     1 |       |       |       |       |       |     1 ||     2
       Chain mail        |       |       |       |   375 |  1014 |   114 |       |       |       ||  1503
       Plate armour      |       |       |       |       |       |   474 |   547 |   394 |   571 ||  1986
       Gold dragon scale |       |       |       |       |       |       |       |       |   693 ||   693
Dodge: Dodged            |    66 |   138 |   264 |   979 |  1462 |   899 |   983 |   700 |  2207 ||  7698
Block: Buckler           |       |       |       |       |    94 |       |       |       |       ||    94
       Shield            |       |       |       |       |   832 |  1331 |  1655 |   903 |       ||  4721
       Reflection        |       |       |       |       |       |    49 |    22 |    56 |   175 ||   302
       Large shield      |       |       |       |       |       |       |       |   721 |  7155 ||  7876
